 Dungeon Crawl Stone Soup version bcrawl-1.38.1 (webtiles) character file.

Game seed: 7964631307282830359

104917 Morbidden the Ducker (level 3, -2/32 HPs)
             Began as a Troll Archaeologist on Apr 3, 2023.
             Slain by Sigmund
             ... wielding a +0 scythe
              (3 damage)
             ... on level 2 of the Dungeon.
             The game lasted 00:01:59 (1896 turns).

Morbidden the Ducker (Troll Archaeologist)          Turns: 1896, Time: 00:01:59

Health: -2/32      AC:  6    Str: 19    XL:     3   Next: 73%
Magic:  2/2        EV: 10    Int: 12    God:
Gold:   141        SH:  0    Dex: 11    Spells: 3/3 levels left

rFire    . . .     GDR:     27% b - +0 blowgun
rCold    . . .     SeeInvis .   (no shield)
rNeg     . . .     Gourm    +   (armour unavailable)
rPois    .         Faith    .   c - +1 hat
rElec    .         Spirit   .   (no cloak)
rCorr    .         Reflect  .   (gloves unavailable)
MR       .....                  (boots unavailable)
Stlth    ++........             (no amulet)
HPRegen  0.15/turn              l - +3 ring of dexterity
MPRegen  0.08/turn              (no ring)

@: no status effects
A: large, almost no armour, claws 3, fast metabolism 3, gourmand, AC +5
a: no special abilities


You were on level 2 of the Dungeon.
You were very full.

You visited 1 branch of the dungeon, and saw 3 of its levels.

You collected 141 gold pieces.

Inventory:

Hand Weapons
 b - a +0 blowgun (weapon)
Missiles
 a - 804 stones
 d - 6 curare-tipped needles (quivered)
Armour
 c - a +1 hat (worn)
Jewellery
 l - a +3 ring of dexterity (left claw)
Scrolls
 g - a scroll of magic mapping
 h - 2 scrolls of fog {unknown}
 i - 6 scrolls of identify
 j - a scroll of fear {unknown}
 k - 4 scrolls of remove curse {unknown}
 n - a scroll of enchant weapon {unknown}
 o - a scroll of enchant armour {unknown}
 q - 2 scrolls of teleportation {unknown}
Potions
 m - 3 potions of invisibility {unknown}
 p - 2 potions of might {unknown}
Miscellaneous
 f - a dusty tome
Comestibles
 e - 6 rations {!d}


   Skills:
 * Level 0.9 Fighting
   Level 1.0 Maces & Flails
 * Level 0.2 Throwing
 * Level 2.8 Dodging
 + Level 2.1 Stealth
 * Level 1.1 Unarmed Combat
 * Level 0.5 Spellcasting
 * Level 0.8 Evocations


You had 3 spell levels left.
You didn't know any spells.
Your spell library was empty.

Dungeon Overview and Level Annotations

Branches:
Dungeon (3/12)

Altars:
Elyvilon
Hepliaklqana
Xom

Annotations:
D:2 1 runed door, Sigmund


Innate Abilities, Weirdness & Mutations

You cannot wear most types of armour.
Your thick skin is tough. (AC +5)
You are too large for most types of armour.
You have claws for hands.
Your metabolism is lightning-fast.
You like to eat raw meat.


Message History

You claw Sigmund!
Sigmund is heavily wounded.
Sigmund casts a spell at you.
You are confused.
Quiver which item? (- for none, * to show all) (? for menu, Esc to quit)
Okay, then.
b - a +0 blowgun (weapon)
Sigmund barely misses you.
Unknown command.
Sigmund miscasts a cantrip.
Sigmund hits you but does no damage.
You bump into the rock wall.
Sigmund hits you with a +0 scythe!
* * * LOW HITPOINT WARNING * * *
No path to travel!
You're too confused to move!
Unknown command.
You bump into the rock wall.
You feel less confused. Sigmund hits you with a +0 scythe.
You die...

............# #.##.#
##.(#####.#.####.##.#
##..# #...........#
##..#####...####.##.#
##..#.......# #.##.#
......###.#.# #.##.#
##..### #.#.#
#.##.######### ##..##
#.#.####.##..>......#
.[...#
#.......@@..#######.#
####.####.#.###.###.#
#.# #........# #.#
#.# #.# #.##.#####
#.# #.# #.#
#.##.######... #.#
#.# ####.............
..# #.#
.....##.#.####...####
#.# #.####....# ##.##
#.# #.###.#.#.# #.#
#.#


You could see Sigmund.

Vanquished Creatures
  An ooze (D:2)
  2 leopard geckos
  A giant cockroach (D:2)
  11 goblins
  4 hobgoblins
  7 kobolds
  3 quokkas
  9 bats
  3 frilled lizards (D:1)
  4 rats
45 creatures vanquished.

Vanquished Creatures (others)
  A butterfly (D:2)
1 creature vanquished.

Grand Total: 46 creatures vanquished

Notes
Turn   | Place    | Note
-------+----------+-------------------------------------------
     0 | D:1      | Morbidden the Troll Archaeologist began the quest for the
                  | Orb.
     0 | D:1      | Reached XP level 1. HP: 18/18 MP: 0/0
   271 | D:1      | Reached XP level 2. HP: 26/26 MP: 1/1
  1022 | D:2      | Reached XP level 3. HP: 28/32 MP: 2/2
  1137 | D:2      | Found a white marble altar of Elyvilon.
  1268 | D:2      | Reached skill level 1 in Unarmed Combat
  1401 | D:2      | Noticed Sigmund
  1621 | D:2      | Found a shimmering altar of Xom.
  1622 | D:2      | Found a hazy altar of Hepliaklqana.
  1622 | D:2      | Noticed a hungry ghost
  1623 | D:2      | Noticed a hungry ghost
  1623 | D:2      | Noticed a spectral ugly thing
  1729 | D:2      | Found a runed door.
  1894 | D:2      | HP: 1/32 [Sigmund/+0 scythe (11)]
  1896 | D:2      | Slain by Sigmund

Skill      XL: |  1  2  3 |
---------------+----------+-----
Stealth        | 2 |  2.1
Unarmed Combat | 1 |  1.1
Fighting       | |  0.9
Maces & Flails | |  1.0
Throwing       | |  0.2
Dodging        | |  2.8
Spellcasting   | |  0.5
Evocations     | |  0.8

Action                   || total
-------------------------++-------
Melee: Unarmed           ||   124
 Stab: Sleeping          ||     5
  Eat: Chunk             ||    18
Armor: Skin              ||    43
Dodge: Dodged            ||    78
